 Dungeon Crawl Stone Soup version 0.32-a0-136-gc02482b (webtiles) character file.

Game seed: 9719365850241094363

701 edsrzf the Magician (level 7, -7/41 HPs)
             Began as an Octopode Hedge Wizard on Feb 10, 2024.
             Killed from afar by a steam dragon (18 damage)
             ... with a ball of steam
             ... on level 5 of the Dungeon.
             The game lasted 00:10:10 (5221 turns).

edsrzf the Magician (Octopode Hedge Wizard)         Turns: 5221, Time: 00:10:10

Health: -7/41      AC:  2    Str:  9    XL:     7   Next: 66%
Magic:  24/24      EV: 13    Int: 19    God:
Gold:   239        SH:  0    Dex: 11    Spells: 8/16 levels left

rFire   . . .        a - +0 dagger
rCold   . . .        (no shield)
rNeg    . . .        b - +1 hat
rPois   .            (no amulet)
rElec   .            k - ring of magical power
rCorr   .            (no ring)
SInv    .            (no ring)
Will    .....        (no ring)
Stlth   ++++         (no ring)
HPRegen 0.26/turn    (no ring)
MPRegen 0.19/turn    (no ring)
                     (no ring)

%: no passive effects
@: hasted, very quick
A: almost no armour, amphibious, 8 rings, camouflage 1, gelatinous body 1,
(nimble swimmer 1), tentacles
a: no special abilities


You were on level 5 of the Dungeon.
You visited 1 branch of the dungeon, and saw 5 of its levels.

You collected 263 gold pieces.
You spent 24 gold pieces at shops.

Inventory:

Hand Weapons
 a - a +0 dagger (weapon)
Missiles
 p - 7 poisoned darts
Armour
 b - a +1 hat (worn)
Jewellery
 j - a ring of protection from cold
 k - a ring of magical power (left tentacle)
Scrolls
 d - a scroll of fog
 l - a scroll of blinking {unknown}
 m - a scroll of identify {@r1}
 q - a scroll of vulnerability {unknown}
Potions
 c - a potion of magic
 f - a potion of ambrosia
 n - a potion of enlightenment


   Skills:
 - Level 2.0 Dodging
 + Level 5.4 Stealth
 - Level 5.4 Spellcasting
 - Level 3.3 Conjurations
 - Level 4.1 Hexes
 - Level 1.0 Summonings
 - Level 1.0 Translocations
 + Level 0.2 Alchemy


You had 8 spell levels left.
You knew the following spells:

 Your Spells              Type           Power      Damage    Failure   Level
b - Blink                 Tloc           16%        N/A       12%         2
h - Ensorcelled Hibernat  Hex/Ice        26%        N/A       8%          2
C - Mephitic Cloud        Conj/Alch/Air  9%         N/A       22%         3
X - Magic Dart            Conj           68%        1d6       3%          1

Your spell library contained the following spells:

 Spells                   Type           Power      Damage    Failure   Level
 Slow                     Hex            80%        N/A       2%          1
 Call Imp                 Summ           16%        N/A       12%         2
 Cigotuvi's Dreadful Rot  Necr/Alch/Air  10%        N/A       17%         2
 Passwall                 Erth           5%         N/A       34%         3
 Swiftness                Air            5%         N/A       34%         3


Dungeon Overview and Level Annotations

Branches:
Dungeon (5/15)             Temple (0/1) D:5

Altars:
Sif Muna
Zin

Shops:
D:2 *

Annotations:
D:3 Ijyb
D:4 1 runed translucent door, 1 exclusion
D:5 Pikel


Innate Abilities, Weirdness & Mutations

You cannot wear most types of armour.
You are amphibious.
You can wear up to eight rings at the same time.
Your skin changes colour to match your surroundings (Stealth+).
Your rubbery body absorbs attacks. (AC +1, EV +1)
((You are camouflaged when in or above water. (Stealth+)))
You have tentacles for arms and can constrict up to eight enemies at once.


Message History

The adder is heavily wounded.
You constrict the adder. The adder bites you. The adder barely misses you.
Your magical contamination has completely faded away.
You hit the adder.
The adder is severely wounded.
You constrict the adder. The adder bites you.
You hit the adder.
The adder is almost dead.
You constrict the adder, but do no damage.
The adder closely misses you.
You hit the adder.
You kill the adder!
You see here an adder corpse.
Magic restored.
There is a stone staircase leading down here.
You climb downwards.
Found 17 gold pieces.
Found a shimmering blue altar of Sif Muna.
There is a stone staircase leading up here. 2 yaks come into view.
Found 10 gold pieces.
Placed new exclusion.
Press: ? - help, v - describe, . - travel
Here: a yak The floor.
Placed new exclusion.
Unknown command.
As you read the scroll labelled QIUROIM KANOXZEG, it dissolves into smoke.
It was a scroll of fog.
As you read the scroll labelled KUGIBY MATS, it crumbles to dust.
You hear a loud clanging noise!
It was a scroll of noise.
You hear an angry hiss.
You hear a bellow! x2; You hear an angry growl.
You hear a shout! x4; You hear a bark!
You hear an angry growl.
You hear a shout! x3
As you read the scroll labelled YSADYH ANNIBRU, it crumbles to dust.
It is a scroll of enchant armour.
Your +0 hat glows green for a moment.
As you read the scroll labelled SOG GEATUTH, it crumbles to dust.
You feel strangely unstable.
It was a scroll of teleportation.
Unknown command.
A jelly comes into view.
Found a staircase to the Ecumenical Temple.
Your surroundings suddenly seem different.
A scorpion comes into view.
A black bear comes into view.
Unknown command.
A white imp comes into view.
The scorpion attacks as it pursues you! The scorpion stings you!
The white imp gestures at you. The puff of frost hits you!
The scorpion stings you but does no damage.
Okay, then.
You feel yourself speed up. The scorpion barely misses you.
The white imp closely misses you. The white imp gestures at you.
The puff of frost misses you.
A quokka comes into view.
Found 12 gold pieces.
The quokka barely misses you. The white imp gestures at you.
The puff of frost hits you.
You miss the quokka. Your grab misses the quokka. You squeeze the quokka.
The quokka is lightly wounded.
The quokka bites you.
You miss the quokka. Your grab misses the quokka.
Your squeeze misses the quokka.
The quokka is lightly wounded.
The quokka bites you.
You hit the quokka. You grab the quokka.
You squeeze the quokka, but do no damage.
The quokka is heavily wounded.
You constrict the quokka, but do no damage.
You hit the quokka.
You tentacle-slap the quokka, but do no damage.
The quokka is severely wounded.
You constrict the quokka, but do no damage.
The quokka bites you.
You barely miss the quokka. You tentacle-slap the quokka.
You kill the quokka!
The yak barely misses you. The black bear barely misses you. x2
The black bear claws you.
* * * LOW HITPOINT WARNING * * *
Unknown command.
The gnoll shouts!
Pikel, Merchant of Souls comes into view.
He is wielding a +0 whip of flaming.
Found a potion of haste.
A steam dragon comes into view.
Found a stone staircase leading up.
The steam dragon hisses angrily.
The steam dragon breathes steam at you. The ball of steam misses you.
Pikel shouts!
You hear a shout! x3
Okay, then.
You feel better.
You are engulfed in a cloud of scalding steam.
You are engulfed in a cloud of scalding steam.
* * * LOW HITPOINT WARNING * * *
The steam dragon breathes steam at you. The ball of steam hits you!!
You die...

...........# ......
...........####....
....†........#.... #
.....Y.......#... .
...5.hY....sK...## .#
...Y##.h...##.#D.##.#
....###Y#...#§§§§...###.
.h#####..##.§§§§§.......
..####..##..§§§.@...!...
###......Y..§#...#...<#.
#....#...g.....# .....
###..###..g..g.# ....
###.###........# ...
####....#.........# ..
.[........>.......# .
..........[......#.
..g.#............#


You could see 3 gnolls.

Vanquished Creatures
  3 scorpions
  2 jellies (D:4)
  4 orc priests
  4 iguanas
  3 orc wizards (D:3)
  A gnoll (D:2)
  5 adders
  A dart slug (D:3)
  2 ribbon worms (D:2)
  19 orcs
  7 endoplasms
  A giant cockroach (D:2)
  7 goblins
  6 hobgoblins
  7 jackals
  4 kobolds
  3 quokkas
  3 ball pythons
  4 bats
  4 frilled lizards
  2 rats (D:1)
92 creatures vanquished.

Notes
Turn   | Place    | Note
-------+----------+-------------------------------------------
     0 | D:1      | edsrzf the Octopode Hedge Wizard began the quest for the
                  | Orb.
     0 | D:1      | Reached XP level 1. HP: 11/11 MP: 4/4
   391 | D:1      | Reached skill level 2 in Conjurations
   391 | D:1      | Reached XP level 2. HP: 17/17 MP: 6/6
   522 | D:1      | Learned a level 2 spell: Ensorcelled Hibernation
   990 | D:2      | Reached XP level 3. HP: 7/21 MP: 2/7
  1178 | D:2      | Reached skill level 1 in Hexes
  1396 | D:2      | Reached skill level 3 in Conjurations
  1511 | D:2      | Found Ciympo's General Store.
  1519 | D:2      | Bought a scroll of identify for 24 gold pieces
  1531 | D:2      | Identified a potion of ambrosia
  1532 | D:2      | Identified 2 potions of heal wounds
  1533 | D:2      | Identified a potion of curing
  1602 | D:2      | Reached XP level 4. HP: 27/27 MP: 3/8
  1974 | D:2      | Reached skill level 2 in Hexes
  2401 | D:3      | Noticed Ijyb
  2592 | D:3      | Noticed a scorpion
  2607 | D:3      | Killed a scorpion
  2608 | D:3      | Reached XP level 5. HP: 14/31 MP: 5/10
  2713 | D:3      | Reached skill level 3 in Hexes
  2875 | D:3      | Reached XP level 6. HP: 13/36 MP: 8/11
  2925 | D:3      | Reached skill level 4 in Spellcasting
  3320 | D:3      | Reached skill level 4 in Hexes
  3598 | D:3      | Found a glowing silver altar of Zin.
  3909 | D:4      | Identified a potion of haste
  3910 | D:4      | Identified a potion of lignification
  3925 | D:4      | Reached skill level 3 in Stealth
  4033 | D:4      | Reached XP level 7. HP: 18/41 MP: 9/14
  4187 | D:4      | Reached skill level 4 in Stealth
  4337 | D:4      | Reached skill level 5 in Spellcasting
  4428 | D:4      | Identified a potion of enlightenment
  4569 | D:4      | Reached skill level 5 in Stealth
  4766 | D:4      | Found a runed translucent door.
  5091 | D:5      | Entered Level 5 of the Dungeon
  5095 | D:5      | Learned a level 2 spell: Blink
  5099 | D:5      | Learned a level 3 spell: Mephitic Cloud
  5160 | D:5      | Noticed a yak
  5160 | D:5      | Noticed a yak
  5160 | D:5      | Found a shimmering blue altar of Sif Muna.
  5161 | D:5      | Noticed a yak
  5161 | D:5      | Noticed a yak
  5181 | D:5      | Identified 2 scrolls of fog
  5182 | D:5      | Identified a scroll of noise
  5183 | D:5      | Identified a scroll of enchant armour
  5184 | D:5      | Identified a scroll of teleportation
  5187 | D:5      | Found a staircase to the Ecumenical Temple.
  5215 | D:5      | Noticed Pikel
  5218 | D:5      | Noticed a steam dragon
  5221 | D:5      | Killed from afar by a steam dragon

Illustrated notes

Levels and vault maps discovered:
D:1:      minmay_arrival_jagged, layout_basic
D:2:      layout_basic, serial_shops, shop, serial_corexii_hall,
          chequers_hall_statues_y, corexii_hall_statues_x,
          kennysheep_generic_room_11
D:3:      layout_rooms, mainiacjoe_overflow_surrounded_room,
          minmay_misc_feat_square, grunt_decor_junction, uniq_ijyb
D:4:      layout_basic, nicolae_tricolors, uniq_crazy_yiuf_cottage
D:5:      layout_cave_pools, chequers_temple_overflow_statue_of_worship,
          trog_book, amcnicky_altar_gilded, minmay_temple_entry_gardened_gates,
          uniq_pikel

Skill      XL: |  1  2  3  4  5  6  7 |
---------------+----------------------+-----
Conjurations   | 2 3 |  3.3
Hexes          | 1 2 3 4 |  4.1
Spellcasting   | 4 5 |  5.4
Stealth        | 3 5 |  5.4
Dodging        | |  2.0
Summonings     | |  1.0
Translocations | |  1.0
Alchemy        | |  0.2

Action                     |  1- 3 |  4- 6 |  7- 9 || total
---------------------------+-------+-------+-------++-------
  Melee: Dagger            |    52 |    80 |    57 ||   189
         Constrict         |    11 |    19 |    15 ||    45
         Tentacles         |     8 |    25 |    10 ||    43
         Punch             |     1 |    10 |     3 ||    14
         Unarmed           |       |       |    11 ||    11
   Cast: Magic Dart        |    32 |    97 |    25 ||   154
         Ensorcelled Hiber |     2 |     3 |     1 ||     6
    Use: Scroll            |     3 |     2 |     5 ||    10
         Potion            |       |     4 |     4 ||     8
   Stab: Sleeping          |     8 |     4 |     3 ||    15
 Armour: Skin              |    21 |    47 |    45 ||   113
  Dodge: Dodged            |    28 |    32 |    43 ||   103

Table legend: (Time is in decaauts)
 A = Elapsed time spent in this place.
 B = Non-inter-level travel time spent in this place.
 C = Inter-level travel time spent in this place.
 D = Time resting spent in this place.
 E = Time spent auto-exploring this place.
 F = Levels seen in this place.
 G = Mean time per level.
                   A        B        C        D        E       F      G
               +--------+--------+--------+--------+--------+-----+--------+
         Total |   5209 |   4947 |    262 |    774 |   3330 |   5 | 1041.8 |
       Dungeon |   5209 |   4947 |    262 |    774 |   3330 |   5 | 1041.8 |
               +--------+--------+--------+--------+--------+-----+--------+

Top non-repeatable levels by time:
     D:4: 1432 daAuts
     D:2: 1349 daAuts
     D:3: 1344 daAuts
     D:1: 1006 daAuts
     D:5: 76 daAuts
